Capitals vs Canucks

Created - 8 février 2022 at 16:09

Goals
1 2 3 T
Capitals 1 0 0 1
Canucks 1 2 1 4
Shots
1 2 3 T
Capitals 5 18 10 33
Canucks 10 10 15 35

GoalsPenalties
1st period
1. Capitals , Nicklas Backstrom 13 (Alex Ovechkin 26, Cody Ceci 21) at 4:51 (PP)
2. Canucks , Arttu Ruotsalainen 5 (Artem Zub 24) at 15:05
Trevor Moore (VAN) for Hooking (Minor) at 4:23
Adam Larsson (WAS) for Slashing (Minor) at 8:06
Luke Kunin (WAS) for Tripping (Minor) at 15:35
2nd period
3. Canucks , Austin Wagner 2 (Quinton Byfield 6) at 11:25
4. Canucks , Jordan Oesterle 1 (David Backes 3, Dakota Mermis 11) at 19:34
Artem Zub (VAN) for Tripping (Minor) at 0:35
3rd period
5. Canucks , P.K. Subban 8 (Adrian Kempe 15, Jonathan Drouin 21) at 1:32 (PP)
Erik Karlsson (WAS) for Elbowing (Minor) at 1:14
Jared Spurgeon (VAN) for Roughing (Minor) at 19:35
Goalie Stats
Darcy Kuemper (WAS), 31 saves from 35 shots - (0,886), L, 18-19-0, 60:00 minutes
Marc-Andre Fleury (VAN), 32 saves from 33 shots - (0,970), W, 17-24-3, 60:00 minutes
3 StarsOfficial
1 - Marc-Andre Fleury (VAN)
2 - Jordan Oesterle (VAN)
3 - Arttu Ruotsalainen (VAN)
Referees : Eric Furlatt and Kevin Pollock
Linesman : Vaughan Rody and Steve Miller
Game Note
No Game Note



Team Name Goals Shots Shots Attemp Shots Blocked PIM HIT PP PK FO%
Capitals 1337356241 / 3 (33%)153%
Canucks 4355596231 / 3 (33%)147%

Capitals
Player Name POS G A P +/- PIM HIT SHT SB MP PP MP PP SHT PK MP PK SHT FO% FOT
Adam LarssonD000-1260119:260:0001:0300% 0
Alex OvechkinLW/RW011-1044120:061:2310:0000% 4
Brayden PointC000-1012119:441:2812:13057% 23
Calle JarnkrokC/LW/RW000-1005019:341:2822:03050% 2
Cody CeciD011-1010019:361:4402:1500% 0
Craig SmithRW000000307:060:0000:0000% 0
Daniel SprongLW/RW000-1001011:010:0000:00050% 2
Drew DoughtyD000-1021022:531:0700:0500% 0
Erik KarlssonD000-1202020:221:0720:5200% 0
Garnet HathawayRW000000007:060:0000:00050% 2
Ivan BarbashevC/LW/RW000-1030013:040:0002:03056% 16
Jay BeagleC000001009:190:0002:13063% 8
Josh MansonD000-1020122:471:4402:1600% 0
Luke KuninC/RW000-1202011:000:0000:0000% 2
Marc-Edouard VlasicD000-1001014:540:0002:0100% 0
Mikko RantanenRW000-1016017:261:2310:00050% 2
Nicklas BackstromC101-1012120:061:2310:00062% 26
Pavel BuchnevichLW/RW000-1024020:111:2820:0000% 2
Canucks
Player Name POS G A P +/- PIM HIT SHT SB MP PP MP PP SHT PK MP PK SHT FO% FOT
Adrian KempeC/LW/RW0110021023:211:5901:2100% 0
Alexander KerfootC/LW/RW0000013219:262:1701:30054% 26
Artem ZubD0111231019:302:0010:5100% 0
Arttu RuotsalainenC101200204:410:0000:0000% 9
Austin WagnerLW/RW1011012014:262:1700:000100% 1
Brock NelsonC/LW0000035023:211:5901:21062% 34
Christian FischerRW000200016:582:1700:0000% 0
Dakota MermisD0112010214:330:0000:0000% 0
David BackesC/RW011202004:410:0000:0000% 0
Ian ColeD0001021220:172:0001:3700% 0
Jack HughesC/LW/RW0000013016:020:0000:0000% 1
Jared SpurgeonD0000215225:082:1601:1300% 0
Jonathan DrouinC/LW/RW0110004023:301:5901:30033% 6
Jordan OesterleD1012001015:200:0000:4700% 0
Michael FrolikRW0001002012:090:0000:0000% 0
P.K. SubbanD1010043025:102:1621:1400% 0
Quinton ByfieldC0111012012:320:0000:00036% 11
Trevor MooreC/LW/RW0000210016:010:0000:0000% 1

Capitals

5 vs 5 Forward
Line #Left WingCenterRight WingPHYDFOFWanted %Time %Time Play
1Alex OvechkinNicklas BackstromPavel Buchnevich0233535%18:43
2Calle JarnkrokBrayden PointMikko Rantanen0233030%16:03
3Daniel SprongIvan BarbashevLuke Kunin0322021%11:01
4Garnet HathawayJay BeagleCraig Smith1311513%7:06
5 vs 5 Defense
Line #DefenseDefensePHYDFOFWanted %Time %Time Play
1Cody CeciDrew Doughty1223030%15:37
2Erik KarlssonAdam Larsson1223035%18:24
3Marc-Edouard VlasicJosh Manson1222424%12:53
4Drew DoughtyJosh Manson1221611%5:59
Power Play Forward
Line #Left WingCenterRight WingPHYDFOFWanted %Time %Time Play
1Alex OvechkinNicklas BackstromMikko Rantanen0145049%1:23
2Calle JarnkrokBrayden PointPavel Buchnevich0145051%1:28
Power Play Defense
Line #DefenseDefensePHYDFOFWanted %Time %Time Play
1Erik KarlssonDrew Doughty0235039%1:07
2Josh MansonCody Ceci0235061%1:44
Penalty Kill 4 Players Forward
Line #CenterWingPHYDFOFWanted %Time %Time Play
1Ivan BarbashevCalle Jarnkrok1225048%2:03
2Jay BeagleBrayden Point1225052%2:13
Penalty Kill 4 Players Defense
Line #DefenseDefensePHYDFOFWanted %Time %Time Play
1Cody CeciAdam Larsson1225053%2:15
2Josh MansonMarc-Edouard Vlasic1225047%2:01
Penalty Kill 3 Players
Line #WingPHYDFOFWanted %Time %Time PlayDefenseDefensePHYDFOFWanted %Time %Time Play
1Ivan Barbashev122500%0:00 Cody CeciAdam Larsson122500%0:00
2Jay Beagle122500%0:00 Josh MansonMarc-Edouard Vlasic122500%0:00
4 vs 4 Forward
Line #CenterWingPHYDFOFWanted %Time %Time Play
1Nicklas BackstromAlex Ovechkin122500%0:00
2Brayden PointMikko Rantanen122500%0:00
4 vs 4 Defense
Line #DefensePHYDFOFWanted %Time %Time Play
1Josh MansonDrew Doughty122500%0:00
2Erik KarlssonAdam Larsson122500%0:00
Last Minutes Offensive
Left WingCenterRight WingDefenseDefense
Alex OvechkinBrayden PointMikko RantanenErik KarlssonDrew Doughty
Last Minutes Defensive
Left WingCenterRight WingDefenseDefense
Calle JarnkrokJay BeagleIvan BarbashevJosh MansonCody Ceci
Time
Total ForwardTotal DefenseLast Minutes OffensiveLast Minutes Defensive
60:00 60:00 0:000:00
Extra Forwards
Normal PowerPlayPenalty Kill
Mikko Rantanen, Pavel Buchnevich, Brayden PointPavel Buchnevich, Brayden PointGarnet Hathaway
Extra Defensemen
Normal PowerPlayPenalty Kill
Cody Ceci, Erik Karlsson, Drew DoughtyErik Karlsson, Cody CeciErik Karlsson
Penalty Shots
Mikko Rantanen, Pavel Buchnevich, Alex Ovechkin, Brayden Point, Nicklas Backstrom
Goalie
Darcy Kuemper, Jake Allen
Custom OT Lines Forwards
Mikko Rantanen, Nicklas Backstrom, Brayden Point, Alex Ovechkin, Craig Smith, Pavel Buchnevich, Luke Kunin, Ivan Barbashev, Calle Jarnkrok, Garnet Hathaway
Custom OT Lines Defensemen
Josh Manson, Drew Doughty, Erik Karlsson, Cody Ceci, Adam Larsson
Scratches
Ben Harpur (Healthy), Ryan Dzingel (Healthy), Trevor van Riemsdyk (Healthy)

Canucks

5 vs 5 Forward
Line #Left WingCenterRight WingPHYDFOFWanted %Time %Time Play
1Adrian KempeBrock NelsonJonathan Drouin1134538%20:01
2Jack HughesAlexander KerfootTrevor Moore1133030%16:02
3Austin WagnerQuinton ByfieldMichael Frolik1132023%12:09
4David BackesArttu RuotsalainenChristian Fischer12259%4:41
5 vs 5 Defense
Line #DefenseDefensePHYDFOFWanted %Time %Time Play
1Jared SpurgeonP.K. Subban1223028%14:44
2Artem ZubIan Cole1223032%16:40
3Dakota MermisJordan Oesterle1222428%14:33
4Jared SpurgeonP.K. Subban1221613%6:56
Power Play Forward
Line #Left WingCenterRight WingPHYDFOFWanted %Time %Time Play
1Adrian KempeBrock NelsonJonathan Drouin0055046%1:59
2Austin WagnerAlexander KerfootChristian Fischer0055054%2:17
Power Play Defense
Line #DefenseDefensePHYDFOFWanted %Time %Time Play
1Jared SpurgeonP.K. Subban1225053%2:16
2Artem ZubIan Cole1225047%2:00
Penalty Kill 4 Players Forward
Line #CenterWingPHYDFOFWanted %Time %Time Play
1Brock NelsonAdrian Kempe1225047%1:21
2Jonathan DrouinAlexander Kerfoot1225053%1:30
Penalty Kill 4 Players Defense
Line #DefenseDefensePHYDFOFWanted %Time %Time Play
1Jared SpurgeonP.K. Subban1225043%1:14
2Artem ZubIan Cole1225057%1:37
Penalty Kill 3 Players
Line #WingPHYDFOFWanted %Time %Time PlayDefenseDefensePHYDFOFWanted %Time %Time Play
1Brock Nelson122500%0:00 Jared SpurgeonP.K. Subban122500%0:00
2Adrian Kempe122500%0:00 Artem ZubIan Cole122500%0:00
4 vs 4 Forward
Line #CenterWingPHYDFOFWanted %Time %Time Play
1Brock NelsonAdrian Kempe122500%0:00
2Jonathan DrouinAlexander Kerfoot122500%0:00
4 vs 4 Defense
Line #DefensePHYDFOFWanted %Time %Time Play
1Jared SpurgeonP.K. Subban122500%0:00
2Artem ZubIan Cole122500%0:00
Last Minutes Offensive
Left WingCenterRight WingDefenseDefense
Adrian KempeBrock NelsonJonathan DrouinJared SpurgeonP.K. Subban
Last Minutes Defensive
Left WingCenterRight WingDefenseDefense
Adrian KempeBrock NelsonJonathan DrouinJared SpurgeonP.K. Subban
Time
Total ForwardTotal DefenseLast Minutes OffensiveLast Minutes Defensive
60:00 60:00 0:000:00
Extra Forwards
Normal PowerPlayPenalty Kill
Quinton Byfield, Arttu Ruotsalainen, Michael FrolikQuinton Byfield, Arttu RuotsalainenMichael Frolik
Extra Defensemen
Normal PowerPlayPenalty Kill
Dakota Mermis, Jordan Oesterle, Artem ZubDakota Mermis, Jordan OesterleArtem Zub
Penalty Shots
Brock Nelson, Adrian Kempe, Jonathan Drouin, Alexander Kerfoot, Arttu Ruotsalainen
Goalie
Marc-Andre Fleury, Thatcher Demko
Custom OT Lines Forwards
Brock Nelson, Adrian Kempe, Jonathan Drouin, Alexander Kerfoot, Arttu Ruotsalainen, Christian Fischer, Austin Wagner, Michael Frolik, David Backes, Quinton Byfield
Custom OT Lines Defensemen
Jared Spurgeon, P.K. Subban, Artem Zub, Ian Cole, Dakota Mermis
Scratches
Sam Gagner (Healthy), Thomas Hickey (Healthy), Laurent Dauphin (Healthy)


Play-by-Play

1st period


0:01 of 1st period - Brock Nelson wins face-off versus Alex Ovechkin in neutral zone.
0:40 of 1st period - Shot by Jonathan Drouin.
0:40 of 1st period - Shot Misses the Net.
0:43 of 1st period - Icing by Drew Doughty.
0:44 of 1st period - Nicklas Backstrom wins face-off versus Jack Hughes in Capitals zone.
0:58 of 1st period - Icing by Drew Doughty.
0:59 of 1st period - Quinton Byfield wins face-off versus Pavel Buchnevich in Capitals zone.
1:00 of 1st period - Shot by Austin Wagner.
1:00 of 1st period - Shot Misses the Net.
3:34 of 1st period - Icing by Jared Spurgeon.
3:35 of 1st period - Brock Nelson wins face-off versus Mikko Rantanen in Canucks zone.
4:19 of 1st period - Shot by Arttu Ruotsalainen.
4:19 of 1st period - Stopped by Darcy Kuemper without a rebound.
4:20 of 1st period - Nicklas Backstrom wins face-off versus Alexander Kerfoot in Capitals zone.
4:20 of 1st period - Nicklas Backstrom is hit by Alexander Kerfoot.
4:23 of 1st period - Minor Penalty to Trevor Moore for Hooking.
4:24 of 1st period - Nicklas Backstrom wins face-off versus Jonathan Drouin in Canucks zone.
4:25 of 1st period - Shot by Alex Ovechkin.
4:25 of 1st period - Shot Misses the Net.
4:33 of 1st period - Shot by Nicklas Backstrom.
4:33 of 1st period - Shot Misses the Net.
4:35 of 1st period - Shot by Cody Ceci.
4:35 of 1st period - Shot Misses the Net.
4:40 of 1st period - Mikko Rantanen is hit by Artem Zub.
4:51 of 1st period - Shot by Nicklas Backstrom.
4:51 of 1st period - Goal by Nicklas Backstrom - Capitals : 1 - Canucks : 0.
4:52 of 1st period - Ivan Barbashev wins face-off versus Arttu Ruotsalainen in neutral zone.
5:23 of 1st period - Shot by Daniel Sprong.
5:23 of 1st period - Stopped by Marc-Andre Fleury without a rebound.
5:24 of 1st period - Nicklas Backstrom wins face-off versus Alexander Kerfoot in Canucks zone.
5:31 of 1st period - Shot by Alex Ovechkin.
5:31 of 1st period - Shot Misses the Net.
7:03 of 1st period - Icing by Michael Frolik.
7:04 of 1st period - Brayden Point wins face-off versus Quinton Byfield in Canucks zone.
7:33 of 1st period - Shot by Brock Nelson.
7:33 of 1st period - Stopped by Darcy Kuemper without a rebound.
7:34 of 1st period - Jay Beagle wins face-off versus Alexander Kerfoot in Capitals zone.
7:56 of 1st period - Garnet Hathaway is hit by P.K. Subban and loses puck.
8:06 of 1st period - Minor Penalty to Adam Larsson for Slashing.
8:07 of 1st period - Ivan Barbashev wins face-off versus Brock Nelson in Capitals zone.
8:07 of 1st period - Ivan Barbashev is hit by Adrian Kempe.
9:14 of 1st period - Shot by P.K. Subban.
9:14 of 1st period - Stopped by Darcy Kuemper without a rebound.
9:15 of 1st period - Alexander Kerfoot wins face-off versus Ivan Barbashev in Capitals zone.
9:34 of 1st period - Shot by Jared Spurgeon.
9:34 of 1st period - Shot Misses the Net.
10:10 of 1st period - Shot by Brock Nelson.
10:10 of 1st period - Stopped by Darcy Kuemper without a rebound.
10:11 of 1st period - Brock Nelson wins face-off versus Nicklas Backstrom in Capitals zone.
11:11 of 1st period - Shot by Mikko Rantanen.
11:11 of 1st period - Shot Blocked by Ian Cole.
11:21 of 1st period - Shot by Mikko Rantanen.
11:21 of 1st period - Stopped by Marc-Andre Fleury without a rebound.
11:22 of 1st period - Alexander Kerfoot wins face-off versus Ivan Barbashev in Canucks zone.
11:29 of 1st period - Shot by Alexander Kerfoot.
11:29 of 1st period - Stopped by Darcy Kuemper without a rebound.
11:30 of 1st period - Mikko Rantanen wins face-off versus Arttu Ruotsalainen in Capitals zone.
12:13 of 1st period - Shot by Mikko Rantanen.
12:13 of 1st period - Deflect By Brayden Point.
12:13 of 1st period - Stopped by Marc-Andre Fleury without a rebound.
12:14 of 1st period - Jonathan Drouin wins face-off versus Luke Kunin in Canucks zone.
12:38 of 1st period - Shot by Brock Nelson.
12:38 of 1st period - Stopped by Darcy Kuemper without a rebound.
12:39 of 1st period - Alexander Kerfoot wins face-off versus Jay Beagle in Capitals zone.
14:36 of 1st period - Shot by Michael Frolik.
14:36 of 1st period - Shot Blocked by Adam Larsson.
14:48 of 1st period - Shot by Michael Frolik.
14:48 of 1st period - Deflect By Austin Wagner.
14:48 of 1st period - Stopped by Darcy Kuemper without a rebound.
14:49 of 1st period - Ivan Barbashev wins face-off versus Arttu Ruotsalainen in Capitals zone.
14:49 of 1st period - Ivan Barbashev is hit by David Backes.
15:05 of 1st period - Shot by Arttu Ruotsalainen.
15:05 of 1st period - Goal by Arttu Ruotsalainen - Capitals : 1 - Canucks : 1.
15:06 of 1st period - Alexander Kerfoot wins face-off versus Garnet Hathaway in neutral zone.
15:18 of 1st period - Shot by Craig Smith.
15:18 of 1st period - Stopped by Marc-Andre Fleury without a rebound.
15:19 of 1st period - Ivan Barbashev wins face-off versus Brock Nelson in Canucks zone.
15:31 of 1st period - P.K. Subban is hit by Ivan Barbashev and loses puck.
15:35 of 1st period - Minor Penalty to Luke Kunin for Tripping.
15:36 of 1st period - Jay Beagle wins face-off versus Alexander Kerfoot in Capitals zone.
15:55 of 1st period - Shot by Artem Zub.
15:55 of 1st period - Stopped by Darcy Kuemper with a rebound.
17:57 of 1st period - Shot by Quinton Byfield.
17:57 of 1st period - Stopped by Darcy Kuemper without a rebound.
17:58 of 1st period - Daniel Sprong wins face-off versus Arttu Ruotsalainen in Capitals zone.
18:27 of 1st period - Shot by Ivan Barbashev.
18:27 of 1st period - Shot Hit the Post.
18:46 of 1st period - Icing by Luke Kunin.
18:47 of 1st period - Ivan Barbashev wins face-off versus Jonathan Drouin in Capitals zone.
Goals for this period are 1 for Capitals vs 1 for Canucks.
Shots for this period are 5 for Capitals vs 10 for Canucks.

2nd period


0:01 of 2nd period - Nicklas Backstrom wins face-off versus Brock Nelson in neutral zone.
0:35 of 2nd period - Minor Penalty to Artem Zub for Tripping.
0:36 of 2nd period - Alexander Kerfoot wins face-off versus Pavel Buchnevich in Canucks zone.
0:49 of 2nd period - Shot by Calle Jarnkrok.
0:49 of 2nd period - Stopped by Marc-Andre Fleury with a rebound.
0:51 of 2nd period - Shot by Calle Jarnkrok.
0:51 of 2nd period - Stopped by Marc-Andre Fleury without a rebound.
0:52 of 2nd period - Nicklas Backstrom wins face-off versus Jonathan Drouin in Canucks zone.
0:55 of 2nd period - Shot by Mikko Rantanen.
0:55 of 2nd period - Stopped by Marc-Andre Fleury without a rebound.
0:56 of 2nd period - Brock Nelson wins face-off versus Nicklas Backstrom in Canucks zone.
1:09 of 2nd period - Shot by Alex Ovechkin.
1:09 of 2nd period - Stopped by Marc-Andre Fleury with a rebound.
1:11 of 2nd period - Shot by Erik Karlsson.
1:11 of 2nd period - Shot Misses the Net.
1:13 of 2nd period - Shot by Nicklas Backstrom.
1:13 of 2nd period - Shot Blocked by Alexander Kerfoot.
1:15 of 2nd period - Shot by Erik Karlsson.
1:15 of 2nd period - Stopped by Marc-Andre Fleury without a rebound.
1:16 of 2nd period - Brock Nelson wins face-off versus Brayden Point in Canucks zone.
1:31 of 2nd period - Shot by Brayden Point.
1:31 of 2nd period - Deflect By Pavel Buchnevich.
1:31 of 2nd period - Stopped by Marc-Andre Fleury without a rebound.
1:32 of 2nd period - Brock Nelson wins face-off versus Nicklas Backstrom in Canucks zone.
1:32 of 2nd period - Ian Cole is hit by Nicklas Backstrom and loses puck.
1:45 of 2nd period - Shot by Erik Karlsson.
1:45 of 2nd period - Stopped by Marc-Andre Fleury without a rebound.
1:46 of 2nd period - Brayden Point wins face-off versus Jonathan Drouin in Canucks zone.
1:52 of 2nd period - Brayden Point is hit by Jared Spurgeon and loses puck.
2:18 of 2nd period - Shot by Pavel Buchnevich.
2:18 of 2nd period - Stopped by Marc-Andre Fleury without a rebound.
2:19 of 2nd period - Nicklas Backstrom wins face-off versus Brock Nelson in Canucks zone.
2:19 of 2nd period - Nicklas Backstrom is hit by Ian Cole.
2:43 of 2nd period - Jay Beagle is hit by Quinton Byfield and loses puck.
3:34 of 2nd period - Shot by Jonathan Drouin.
3:34 of 2nd period - Shot Misses the Net.
3:49 of 2nd period - Icing by P.K. Subban.
3:50 of 2nd period - Calle Jarnkrok wins face-off versus Brock Nelson in Canucks zone.
3:56 of 2nd period - Icing by Jared Spurgeon.
3:57 of 2nd period - Brock Nelson wins face-off versus Brayden Point in Canucks zone.
4:13 of 2nd period - Mikko Rantanen is hit by Adrian Kempe and loses puck.
4:31 of 2nd period - Icing by Mikko Rantanen.
4:32 of 2nd period - Alexander Kerfoot wins face-off versus Brayden Point in Capitals zone.
4:41 of 2nd period - Shot by Alexander Kerfoot.
4:41 of 2nd period - Stopped by Darcy Kuemper without a rebound.
4:42 of 2nd period - Alexander Kerfoot wins face-off versus Nicklas Backstrom in Capitals zone.
4:59 of 2nd period - Pavel Buchnevich is hit by Artem Zub and loses puck.
5:04 of 2nd period - Shot by Nicklas Backstrom.
5:04 of 2nd period - Stopped by Marc-Andre Fleury without a rebound.
5:05 of 2nd period - Ivan Barbashev wins face-off versus Quinton Byfield in Canucks zone.
5:05 of 2nd period - Marc-Edouard Vlasic is hit by P.K. Subban and loses puck.
5:16 of 2nd period - Shot by Daniel Sprong.
5:16 of 2nd period - Shot Misses the Net.
5:35 of 2nd period - Daniel Sprong is hit by P.K. Subban and loses puck.
5:48 of 2nd period - Shot by Ivan Barbashev.
5:48 of 2nd period - Shot Blocked by Jared Spurgeon.
6:20 of 2nd period - Jonathan Drouin is hit by Drew Doughty and loses puck.
6:23 of 2nd period - Shot by Ian Cole.
6:23 of 2nd period - Stopped by Darcy Kuemper without a rebound.
6:24 of 2nd period - Brayden Point wins face-off versus Alexander Kerfoot in Capitals zone.
6:33 of 2nd period - Shot by Calle Jarnkrok.
6:33 of 2nd period - Shot Hit the Post.
6:35 of 2nd period - Shot by Calle Jarnkrok.
6:35 of 2nd period - Shot Misses the Net.
6:39 of 2nd period - Shot by Mikko Rantanen.
6:39 of 2nd period - Shot Blocked by Dakota Mermis.
6:41 of 2nd period - Shot by Adam Larsson.
6:41 of 2nd period - Shot Misses the Net.
6:49 of 2nd period - Alexander Kerfoot is hit by Brayden Point and loses puck.
7:32 of 2nd period - Adrian Kempe is hit by Alex Ovechkin and loses puck.
8:21 of 2nd period - Shot by Jared Spurgeon.
8:21 of 2nd period - Stopped by Darcy Kuemper without a rebound.
8:22 of 2nd period - Austin Wagner wins face-off versus Ivan Barbashev in Capitals zone.
8:32 of 2nd period - Quinton Byfield is hit by Adam Larsson and loses puck.
8:43 of 2nd period - Shot by Quinton Byfield.
8:43 of 2nd period - Shot Misses the Net.
8:45 of 2nd period - Shot by Jared Spurgeon.
8:45 of 2nd period - Stopped by Darcy Kuemper without a rebound.
8:46 of 2nd period - Brayden Point wins face-off versus Arttu Ruotsalainen in Capitals zone.
8:53 of 2nd period - Shot by Mikko Rantanen.
8:53 of 2nd period - Stopped by Marc-Andre Fleury with a rebound.
9:16 of 2nd period - Shot by Mikko Rantanen.
9:16 of 2nd period - Shot Misses the Net.
9:29 of 2nd period - Icing by Dakota Mermis.
9:30 of 2nd period - Ivan Barbashev wins face-off versus Arttu Ruotsalainen in Canucks zone.
9:33 of 2nd period - Shot by Luke Kunin.
9:33 of 2nd period - Stopped by Marc-Andre Fleury without a rebound.
9:34 of 2nd period - Nicklas Backstrom wins face-off versus Brock Nelson in Canucks zone.
9:37 of 2nd period - Shot by Alex Ovechkin.
9:37 of 2nd period - Stopped by Marc-Andre Fleury without a rebound.
9:38 of 2nd period - Brock Nelson wins face-off versus Nicklas Backstrom in Canucks zone.
9:58 of 2nd period - Alex Ovechkin is hit by Brock Nelson.
10:02 of 2nd period - Shot by Pavel Buchnevich.
10:02 of 2nd period - Shot Misses the Net.
10:04 of 2nd period - Shot by Pavel Buchnevich.
10:04 of 2nd period - Stopped by Marc-Andre Fleury without a rebound.
10:05 of 2nd period - Brayden Point wins face-off versus Alexander Kerfoot in Canucks zone.
10:08 of 2nd period - Shot by Calle Jarnkrok.
10:08 of 2nd period - Stopped by Marc-Andre Fleury without a rebound.
10:09 of 2nd period - Alexander Kerfoot wins face-off versus Brayden Point in Canucks zone.
10:17 of 2nd period - Icing by Adam Larsson.
10:18 of 2nd period - Brayden Point wins face-off versus Brock Nelson in Capitals zone.
10:18 of 2nd period - Brayden Point is hit by Brock Nelson.
10:29 of 2nd period - Mikko Rantanen is hit by P.K. Subban and loses puck.
10:42 of 2nd period - Shot by Mikko Rantanen.
10:42 of 2nd period - Shot Blocked by Jared Spurgeon.
10:46 of 2nd period - Shot by Mikko Rantanen.
10:46 of 2nd period - Shot Misses the Net.
10:48 of 2nd period - Shot by Adam Larsson.
10:48 of 2nd period - Shot Misses the Net.
11:23 of 2nd period - Icing by Adam Larsson.
11:24 of 2nd period - Quinton Byfield wins face-off versus Calle Jarnkrok in Capitals zone.
11:25 of 2nd period - Shot by Austin Wagner.
11:25 of 2nd period - Goal by Austin Wagner - Capitals : 1 - Canucks : 2.
11:26 of 2nd period - Alexander Kerfoot wins face-off versus Nicklas Backstrom in neutral zone.
11:26 of 2nd period - Trevor Moore is hit by Pavel Buchnevich.
12:17 of 2nd period - Icing by Trevor Moore.
12:18 of 2nd period - Ivan Barbashev wins face-off versus Alexander Kerfoot in Canucks zone.
12:21 of 2nd period - Shot by Luke Kunin.
12:21 of 2nd period - Stopped by Marc-Andre Fleury without a rebound.
12:22 of 2nd period - Jay Beagle wins face-off versus Brock Nelson in Canucks zone.
12:23 of 2nd period - Shot by Garnet Hathaway.
12:23 of 2nd period - Shot Misses the Net.
12:25 of 2nd period - Shot by Craig Smith.
12:25 of 2nd period - Deflect By Garnet Hathaway.
12:25 of 2nd period - Shot Misses the Net.
12:27 of 2nd period - Shot by Craig Smith.
12:27 of 2nd period - Stopped by Marc-Andre Fleury with a rebound.
12:29 of 2nd period - Shot by Garnet Hathaway.
12:29 of 2nd period - Deflect By Craig Smith.
12:29 of 2nd period - Stopped by Marc-Andre Fleury without a rebound.
12:30 of 2nd period - Brock Nelson wins face-off versus Daniel Sprong in Canucks zone.
12:57 of 2nd period - Shot by Jared Spurgeon.
12:57 of 2nd period - Stopped by Darcy Kuemper without a rebound.
12:58 of 2nd period - Nicklas Backstrom wins face-off versus Quinton Byfield in Capitals zone.
14:09 of 2nd period - Icing by Josh Manson.
14:10 of 2nd period - Brock Nelson wins face-off versus Jay Beagle in Capitals zone.
14:11 of 2nd period - Shot by Jonathan Drouin.
14:11 of 2nd period - Stopped by Darcy Kuemper without a rebound.
14:12 of 2nd period - Brock Nelson wins face-off versus Brayden Point in Capitals zone.
15:00 of 2nd period - Off-side.
15:01 of 2nd period - Jay Beagle wins face-off versus Alexander Kerfoot in neutral zone.
15:19 of 2nd period - Jack Hughes is hit by Josh Manson.
16:11 of 2nd period - Shot by Quinton Byfield.
16:11 of 2nd period - Stopped by Darcy Kuemper with a rebound.
16:13 of 2nd period - Shot by Michael Frolik.
16:13 of 2nd period - Stopped by Darcy Kuemper without a rebound.
16:14 of 2nd period - Brock Nelson wins face-off versus Alex Ovechkin in Capitals zone.
16:55 of 2nd period - Shot by Brock Nelson.
16:55 of 2nd period - Shot Misses the Net.
16:57 of 2nd period - Shot by Jared Spurgeon.
16:57 of 2nd period - Deflect By Jonathan Drouin.
16:57 of 2nd period - Shot Blocked by Alex Ovechkin.
17:04 of 2nd period - Icing by Cody Ceci.
17:05 of 2nd period - Nicklas Backstrom wins face-off versus Alexander Kerfoot in Capitals zone.
17:31 of 2nd period - Icing by Adam Larsson.
17:32 of 2nd period - Ivan Barbashev wins face-off versus Quinton Byfield in Capitals zone.
17:50 of 2nd period - Austin Wagner is hit by Ivan Barbashev.
18:04 of 2nd period - Michael Frolik is hit by Ivan Barbashev and loses puck.
18:54 of 2nd period - Shot by Mikko Rantanen.
18:54 of 2nd period - Shot Misses the Net.
18:56 of 2nd period - Shot by Calle Jarnkrok.
18:56 of 2nd period - Stopped by Marc-Andre Fleury without a rebound.
18:57 of 2nd period - Nicklas Backstrom wins face-off versus Alexander Kerfoot in Canucks zone.
18:58 of 2nd period - Shot by Alex Ovechkin.
18:58 of 2nd period - Shot Blocked by Alexander Kerfoot.
19:07 of 2nd period - Trevor Moore is hit by Cody Ceci.
19:12 of 2nd period - Icing by Cody Ceci.
19:13 of 2nd period - Nicklas Backstrom wins face-off versus Arttu Ruotsalainen in Capitals zone.
19:13 of 2nd period - Cody Ceci is hit by David Backes and loses puck.
19:31 of 2nd period - David Backes is hit by Drew Doughty and loses puck.
19:34 of 2nd period - Shot by Jordan Oesterle.
19:34 of 2nd period - Goal by Jordan Oesterle - Capitals : 1 - Canucks : 3.
19:35 of 2nd period - Brock Nelson wins face-off versus Brayden Point in neutral zone.
Goals for this period are 0 for Capitals vs 2 for Canucks.
Shots for this period are 18 for Capitals vs 10 for Canucks.

3rd period


0:01 of 3rd period - Brayden Point wins face-off versus Brock Nelson in neutral zone.
0:08 of 3rd period - Shot by Mikko Rantanen.
0:08 of 3rd period - Shot Misses the Net.
0:10 of 3rd period - Shot by Josh Manson.
0:10 of 3rd period - Shot Misses the Net.
0:12 of 3rd period - Shot by Calle Jarnkrok.
0:12 of 3rd period - Stopped by Marc-Andre Fleury without a rebound.
0:13 of 3rd period - Alexander Kerfoot wins face-off versus Alex Ovechkin in Canucks zone.
0:13 of 3rd period - Ian Cole is hit by Alex Ovechkin and loses puck.
0:20 of 3rd period - Shot by Nicklas Backstrom.
0:20 of 3rd period - Shot Misses the Net.
0:27 of 3rd period - Shot by Nicklas Backstrom.
0:27 of 3rd period - Shot Blocked by Ian Cole.
0:29 of 3rd period - Shot by Pavel Buchnevich.
0:29 of 3rd period - Stopped by Marc-Andre Fleury without a rebound.
0:30 of 3rd period - Brayden Point wins face-off versus Brock Nelson in Canucks zone.
0:46 of 3rd period - Shot by Jonathan Drouin.
0:46 of 3rd period - Stopped by Darcy Kuemper with a rebound.
0:48 of 3rd period - Shot by P.K. Subban.
0:48 of 3rd period - Stopped by Darcy Kuemper without a rebound.
0:49 of 3rd period - Alexander Kerfoot wins face-off versus Alex Ovechkin in Capitals zone.
1:14 of 3rd period - Minor Penalty to Erik Karlsson for Elbowing.
1:15 of 3rd period - Brock Nelson wins face-off versus Jay Beagle in Capitals zone.
1:24 of 3rd period - Shot by Jonathan Drouin.
1:24 of 3rd period - Shot Misses the Net.
1:26 of 3rd period - Shot by Jared Spurgeon.
1:26 of 3rd period - Shot Blocked by Brayden Point.
1:28 of 3rd period - Shot by Jared Spurgeon.
1:28 of 3rd period - Deflect By Jonathan Drouin.
1:28 of 3rd period - Shot Blocked by Josh Manson.
1:30 of 3rd period - Shot by Adrian Kempe.
1:30 of 3rd period - Shot Misses the Net.
1:32 of 3rd period - Shot by P.K. Subban.
1:32 of 3rd period - Goal by P.K. Subban - Capitals : 1 - Canucks : 4.
1:33 of 3rd period - Alexander Kerfoot wins face-off versus Ivan Barbashev in neutral zone.
2:22 of 3rd period - Luke Kunin is hit by Trevor Moore and loses puck.
2:30 of 3rd period - Icing by Luke Kunin.
2:31 of 3rd period - Brock Nelson wins face-off versus Ivan Barbashev in Capitals zone.
2:36 of 3rd period - Shot by Jared Spurgeon.
2:36 of 3rd period - Stopped by Darcy Kuemper without a rebound.
2:37 of 3rd period - Brock Nelson wins face-off versus Brayden Point in Capitals zone.
2:54 of 3rd period - Shot by Jonathan Drouin.
2:54 of 3rd period - Stopped by Darcy Kuemper without a rebound.
2:55 of 3rd period - Quinton Byfield wins face-off versus Nicklas Backstrom in Capitals zone.
3:37 of 3rd period - Shot by Austin Wagner.
3:37 of 3rd period - Shot Misses the Net.
4:31 of 3rd period - Off-side.
4:32 of 3rd period - Garnet Hathaway wins face-off versus Alexander Kerfoot in neutral zone.
4:34 of 3rd period - Marc-Edouard Vlasic is hit by Artem Zub and loses puck.
4:47 of 3rd period - Shot by Jack Hughes.
4:47 of 3rd period - Stopped by Darcy Kuemper with a rebound.
4:52 of 3rd period - Marc-Edouard Vlasic is hit by Jack Hughes and loses puck.
5:03 of 3rd period - Jay Beagle is hit by Ian Cole and loses puck.
5:13 of 3rd period - Jack Hughes is hit by Josh Manson and loses puck.
5:20 of 3rd period - Ian Cole is hit by Jay Beagle and loses puck.
5:33 of 3rd period - Shot by Mikko Rantanen.
5:33 of 3rd period - Stopped by Marc-Andre Fleury without a rebound.
5:34 of 3rd period - Brayden Point wins face-off versus Quinton Byfield in Canucks zone.
6:14 of 3rd period - Shot by Jared Spurgeon.
6:14 of 3rd period - Stopped by Darcy Kuemper without a rebound.
6:15 of 3rd period - Brock Nelson wins face-off versus Ivan Barbashev in Capitals zone.
6:31 of 3rd period - Icing by Brock Nelson.
6:32 of 3rd period - Brock Nelson wins face-off versus Nicklas Backstrom in Canucks zone.
6:41 of 3rd period - Shot by Brock Nelson.
6:41 of 3rd period - Shot Blocked by Nicklas Backstrom.
7:01 of 3rd period - Shot by Pavel Buchnevich.
7:01 of 3rd period - Shot Misses the Net.
7:03 of 3rd period - Shot by Pavel Buchnevich.
7:03 of 3rd period - Shot Misses the Net.
7:05 of 3rd period - Shot by Marc-Edouard Vlasic.
7:05 of 3rd period - Stopped by Marc-Andre Fleury without a rebound.
7:06 of 3rd period - Alexander Kerfoot wins face-off versus Brayden Point in Canucks zone.
7:42 of 3rd period - Shot by Jack Hughes.
7:42 of 3rd period - Deflect By Alexander Kerfoot.
7:42 of 3rd period - Stopped by Darcy Kuemper without a rebound.
7:43 of 3rd period - Quinton Byfield wins face-off versus Nicklas Backstrom in Capitals zone.
8:12 of 3rd period - Pavel Buchnevich is hit by Austin Wagner and loses puck.
8:24 of 3rd period - Off-side.
8:25 of 3rd period - Brock Nelson wins face-off versus Brayden Point in neutral zone.
8:52 of 3rd period - Shot by Brock Nelson.
8:52 of 3rd period - Stopped by Darcy Kuemper without a rebound.
8:53 of 3rd period - Alexander Kerfoot wins face-off versus Luke Kunin in Capitals zone.
8:56 of 3rd period - Shot by Jack Hughes.
8:56 of 3rd period - Stopped by Darcy Kuemper without a rebound.
8:57 of 3rd period - Jay Beagle wins face-off versus Alexander Kerfoot in Capitals zone.
9:48 of 3rd period - Shot by Brayden Point.
9:48 of 3rd period - Deflect By Mikko Rantanen.
9:48 of 3rd period - Shot Misses the Net.
9:50 of 3rd period - Shot by Mikko Rantanen.
9:50 of 3rd period - Stopped by Marc-Andre Fleury without a rebound.
9:51 of 3rd period - Brayden Point wins face-off versus Brock Nelson in Canucks zone.
10:00 of 3rd period - Shot by Drew Doughty.
10:00 of 3rd period - Shot Misses the Net.
10:38 of 3rd period - Jared Spurgeon is hit by Mikko Rantanen and loses puck.
11:12 of 3rd period - Quinton Byfield is hit by Adam Larsson and loses puck.
11:15 of 3rd period - Shot by Michael Frolik.
11:15 of 3rd period - Shot Misses the Net.
11:17 of 3rd period - Shot by Michael Frolik.
11:17 of 3rd period - Stopped by Darcy Kuemper with a rebound.
11:36 of 3rd period - Quinton Byfield is hit by Adam Larsson.
11:51 of 3rd period - Adam Larsson is hit by Dakota Mermis and loses puck.
12:29 of 3rd period - Shot by Alex Ovechkin.
12:29 of 3rd period - Shot Blocked by Dakota Mermis.
12:31 of 3rd period - Shot by Alex Ovechkin.
12:31 of 3rd period - Shot Misses the Net.
12:33 of 3rd period - Shot by Pavel Buchnevich.
12:33 of 3rd period - Shot Misses the Net.
12:35 of 3rd period - Shot by Cody Ceci.
12:35 of 3rd period - Shot Misses the Net.
12:49 of 3rd period - Shot by Mikko Rantanen.
12:49 of 3rd period - Stopped by Marc-Andre Fleury without a rebound.
12:50 of 3rd period - Brayden Point wins face-off versus Arttu Ruotsalainen in Canucks zone.
12:51 of 3rd period - Shot by Mikko Rantanen.
12:51 of 3rd period - Shot Blocked by Christian Fischer.
12:59 of 3rd period - Shot by P.K. Subban.
12:59 of 3rd period - Shot Misses the Net.
14:31 of 3rd period - Austin Wagner is hit by Alex Ovechkin and loses puck.
14:44 of 3rd period - Shot by Nicklas Backstrom.
14:44 of 3rd period - Deflect By Alex Ovechkin.
14:44 of 3rd period - Shot Misses the Net.
15:10 of 3rd period - Shot by Craig Smith.
15:10 of 3rd period - Shot Misses the Net.
16:00 of 3rd period - Shot by Jared Spurgeon.
16:00 of 3rd period - Shot Misses the Net.
16:27 of 3rd period - Icing by Marc-Edouard Vlasic.
16:28 of 3rd period - Nicklas Backstrom wins face-off versus Brock Nelson in Capitals zone.
16:45 of 3rd period - Shot by Jonathan Drouin.
16:45 of 3rd period - Stopped by Darcy Kuemper without a rebound.
16:46 of 3rd period - Brayden Point wins face-off versus Arttu Ruotsalainen in Capitals zone.
16:57 of 3rd period - Off-side.
16:58 of 3rd period - Brock Nelson wins face-off versus Ivan Barbashev in neutral zone.
17:19 of 3rd period - Shot by Adrian Kempe.
17:19 of 3rd period - Stopped by Darcy Kuemper with a rebound.
17:21 of 3rd period - Shot by Brock Nelson.
17:21 of 3rd period - Shot Misses the Net.
17:26 of 3rd period - Brock Nelson is hit by Adam Larsson.
17:31 of 3rd period - Adrian Kempe is hit by Adam Larsson.
17:52 of 3rd period - Alexander Kerfoot is hit by Adam Larsson and loses puck.
17:55 of 3rd period - Shot by Trevor Moore.
17:55 of 3rd period - Shot Misses the Net.
17:57 of 3rd period - Shot by Alexander Kerfoot.
17:57 of 3rd period - Shot Misses the Net.
18:05 of 3rd period - Shot by Jack Hughes.
18:05 of 3rd period - Stopped by Darcy Kuemper without a rebound.
18:06 of 3rd period - Nicklas Backstrom wins face-off versus Quinton Byfield in Capitals zone.
18:11 of 3rd period - Shot by Drew Doughty.
18:11 of 3rd period - Stopped by Marc-Andre Fleury without a rebound.
18:12 of 3rd period - Nicklas Backstrom wins face-off versus Quinton Byfield in Canucks zone.
18:21 of 3rd period - Shot by Alex Ovechkin.
18:21 of 3rd period - Stopped by Marc-Andre Fleury without a rebound.
18:22 of 3rd period - Brayden Point wins face-off versus Brock Nelson in Canucks zone.
18:31 of 3rd period - Calle Jarnkrok is hit by Brock Nelson and loses puck.
18:52 of 3rd period - Shot by Brock Nelson.
18:52 of 3rd period - Stopped by Darcy Kuemper without a rebound.
18:53 of 3rd period - Nicklas Backstrom wins face-off versus Trevor Moore in Capitals zone.
19:00 of 3rd period - Shot by Alex Ovechkin.
19:00 of 3rd period - Shot Misses the Net.
19:18 of 3rd period - Shot by Alex Ovechkin.
19:18 of 3rd period - Stopped by Marc-Andre Fleury with a rebound.
19:35 of 3rd period - Minor Penalty to Jared Spurgeon for Roughing.
19:36 of 3rd period - Brock Nelson wins face-off versus Brayden Point in Canucks zone.
19:36 of 3rd period - Brock Nelson is hit by Pavel Buchnevich.
19:52 of 3rd period - Shot by Pavel Buchnevich.
19:52 of 3rd period - Deflect By Brayden Point.
19:52 of 3rd period - Shot Misses the Net.
19:58 of 3rd period - Shot by Brayden Point.
19:58 of 3rd period - Stopped by Marc-Andre Fleury without a rebound.
19:59 of 3rd period - Jonathan Drouin wins face-off versus Nicklas Backstrom in Canucks zone.
19:59 of 3rd period - P.K. Subban is hit by Alex Ovechkin and loses puck.
Goals for this period are 0 for Capitals vs 1 for Canucks.
Shots for this period are 10 for Capitals vs 15 for Canucks.